 Dungeon Crawl Stone Soup version 0.30-a0-122-g2a1322497e (webtiles) character file.

Game seed: 9645867026257560236

144 avis the Sneak (level 5, 0/24 HPs)
             Began as a Felid Warper on Sept 15, 2022.
             Was an Initiate of Gozag.
             Succumbed to an adder's poison
             ... on level 4 of the Dungeon.
             The game lasted 00:21:31 (5290 turns).

avis the Sneak (Felid Warper)                       Turns: 5290, Time: 00:21:32

Health: 0/24       AC:  1    Str:  7    XL:     5   Next: 5%
Magic:  9/9        EV: 19    Int: 16    God:    Gozag
Gold:   225        SH:  0    Dex: 16    Spells: 3/8 levels left
                                        Lives:  0   Deaths: 1

rFire   . . .      SeeInvis +      - Unarmed
rCold   . . .      Faith    .    (shield unavailable)
rNeg    . . .      Spirit   .    (body armour unavailable)
rPois   .          Reflect  .    (helmet unavailable)
rElec   .          Harm     .    (cloak unavailable)
rCorr   .          Rampage  .    (gloves unavailable)
Will    .....                    (boots unavailable)
Stlth   ++++......               (no amulet)
HPRegen 0.08/turn                n - ring of wizardry
MPRegen 0.11/turn                (no ring)

@: brilliant, lethally poisoned (0 -> -5), studying Stealth, quick
A: very small, claws 1, fangs 3, see invisible, speed 1, shaggy fur 1, stealthy
paws, no weapons or thrown items, no armour, multi-lived
a: Renounce Religion, Potion Petition, Call Merchant, Bribe Branch


You were on level 4 of the Dungeon.
You worshipped Gozag.
Gozag was aware of your devotion.
You visited 1 branch of the dungeon, and saw 4 of its levels.

You collected 321 gold pieces.
You paid 96 gold pieces to Gozag.

Inventory:

Jewellery
 n - a ring of wizardry (left paw)
Wands
 i - a wand of flame (11)
Scrolls
 a - 2 scrolls of blinking
 b - 5 scrolls of identify {unknown}
 c - a scroll of acquirement {unknown}
 d - 2 scrolls of enchant armour {unknown}
 e - a scroll of teleportation {unknown}
 g - a scroll of noise {unknown}
 k - 4 scrolls of fear {unknown}
 l - a scroll of immolation {unknown}
 m - a scroll of poison {unknown}
 o - a scroll of silence {unknown}
Potions
 j - a potion of mutation {unknown}


   Skills:
 - Level 3.0 Fighting
 - Level 5.0 Dodging
 - Level 7.0 Stealth
 * Level 3.0 Unarmed Combat
 - Level 2.0 Spellcasting
 - Level 4.4 Translocations


You had 3 spell levels left.
You knew the following spells:

 Your Spells              Type           Power      Damage    Failure   Level
b - Blink                 Tloc           46%        N/A       2%          2
o - Teleport Other        Tloc           23%        N/A       4%          3

Your spell library contained the following spells:

 Spells                   Type           Power      Damage    Failure   Level
 Gell's Gravitas          Tloc           23%        N/A       4%          3
 Lesser Beckoning         Tloc           23%        N/A       4%          3
 Summon Small Mammal      Summ           8%         N/A       9%          1
 Ensorcelled Hibernation  Hex/Ice        4%         N/A       12%         2
 Call Canine Familiar     Summ           2%         N/A       24%         3
 Dazzling Flash           Conj/Hex       4%         N/A       24%         3
 Spider Form              Tmut/Pois      2%         N/A       24%         3
 Summon Guardian Golem    Hex/Summ       2%         N/A       24%         3
 Tukima's Dance           Hex            2%         N/A       24%         3
 Manifold Assault         Tloc           23%        N/A       14%         4
 Iskenderun's Mystic Bla  Conj/Tloc      12%        2d5       32%         4
 Anguish                  Hex/Necr       1%         N/A       58%         4
 Blade Hands              Tmut           1%         N/A       89%         5
 Starburst                Conj/Fire      1%         6d3       100%        6
 Portal Projectile        Hex/Tloc       Unusable   N/A       N/A         3

Dungeon Overview and Level Annotations

Branches:
Dungeon (4/15)
 Temple: D:4-7

Altars:
Gozag

Shops:
D:1 (

Annotations:
D:2 IdlyInterested's ghost, amateur DsGl
D:4 exclusion: door


Innate Abilities, Weirdness & Mutations

You have sharp claws.
You have razor-sharp teeth.
You have supernaturally acute eyesight. (SInv)
You cover ground quickly. (Speed+)
You are covered in fur. (AC +1)
Your paws help you pounce on unaware monsters.
You are incapable of wielding weapons or throwing items.
You cannot wear armour.
You gain extra lives every three experience levels.


Message History

You open the door.
There is an open door here.
You see here a +0 flail.
Found a flail.
There is an open door here.
The adder hisses angrily.
The iguana hisses angrily.
The iguana barely misses you.
There is an open door here.
You scratch the iguana but do no damage.
You bite the iguana, but do no damage. The iguana bites you!
You closely miss the iguana. The iguana bites you!
The adder attacks as you move away! The adder misses you.
The adder attacks as you move away! The adder bites you.
* * * LOW HITPOINT WARNING * * *
The adder attacks as you move away! The adder misses you.
The adder attacks as you move away! The adder completely misses you.
The adder attacks as you move away! The adder misses you.
There is an open door here.
The adder attacks as you move away! The adder completely misses you.
You closely miss the adder. The adder completely misses you.
Okay, then.
Okay, then.
Casting: Blink (safe; 2% risk of failure)
Confirm with . or Enter, or press ? or * to list all spells.
The spell is quite dangerous to miscast (4% risk of failure)!
Continue anyway?
Aiming: Teleport Other (quite dangerous; 4% risk of failure)
Press: ? - help, Shift-Dir - straight line, f - adder
Aim: an adder (chance to affect: 63%)
The adder resists with significant effort.
The adder bites you.
* * * LOW HITPOINT WARNING * * *
You are lethally poisoned!
The adder poisons you! The adder misses you.
It was a potion of brilliance.
You feel clever all of a sudden.
* * * LOW HITPOINT WARNING * * *
You feel sick. The adder closely misses you.
It was a potion of magic.
Magic courses through your body.
You die...
Your body crumbles into a pile of gold.

#........ ... #........ .....
#....... .... #.....o ....
#.....#####'######
#.....#........... #######
#.)...#........... ......#
#.....Sl.......... ......#
#....@#........... ......#
#.....###...#######
.....)######.......#.l.####..#
'#.................#.........#
.#####.............#.........#
.'.^.#.............########'##
###..#......####............(....
#.<#......#..#.............?...
##'#......#..#.................


You could see an iguana, an orc wizard (wandering) and an adder.

Vanquished Creatures
  A necrophage (D:4)
  A hound (D:2)
  Jessica (D:2)
  An adder (D:3)
  A gnoll (D:3)
  A worm (D:3)
  4 dart slugs
  2 orcs
  8 bats
  3 endoplasms
  4 giant cockroaches
  3 goblins
  6 hobgoblins
  6 jackals (D:1)
  3 quokkas
  2 ball pythons
  2 frilled lizards
  4 kobolds
  4 rats
57 creatures vanquished.

Notes
Turn   | Place    | Note
-------+----------+-------------------------------------------
     0 | D:1      | avis the Felid Warper began the quest for the Orb.
     0 | D:1      | Reached XP level 1. HP: 9/9 MP: 4/4
    46 | D:1      | Reached skill level 1 in Stealth
   225 | D:1      | Reached skill level 2 in Stealth
   341 | D:2      | Reached skill level 3 in Stealth
   569 | D:1      | Reached XP level 2. HP: 5/13 MP: 6/6
   749 | D:1      | Learned a level 2 spell: Blink
   855 | D:1      | Reached skill level 4 in Stealth
   883 | D:1      | Found Yvidas's Weapon Shop.
   969 | D:1      | Reached skill level 5 in Stealth
  1277 | D:1      | Reached XP level 3. HP: 12/16 MP: 7/7
  1359 | D:1      | Found a faded altar of an unknown god.
  1734 | D:2      | Noticed Jessica
  1746 | D:2      | Killed Jessica
  1875 | D:2      | Reached skill level 5 in Dodging
  1888 | D:2      | Reached XP level 4. HP: 19/19 MP: 8/8
  2949 | D:3      | Learned a level 3 spell: Teleport Other
  3356 | D:3      | Found a runed translucent gate.
  3356 | D:3      | Found a runed translucent gate.
  3356 | D:3      | Found a runed translucent gate.
  3358 | D:3      | Found an opulent altar of Gozag.
  3360 | D:3      | Noticed IdlyInterested's ghost (amateur DsGl)
  3360 | D:3      | Noticed a phantom
  4272 | D:3      | Slain by a phantom
  4273 | D:3      | Reached XP level 3. HP: -2/17 MP: 7/7
  4402 | D:3      | Reached XP level 4. HP: 14/21 MP: 8/8
  4429 | D:3      | Became a worshipper of Gozag Ym Sagoz the Greedy
  4562 | D:4      | Noticed a necrophage
  4589 | D:4      | Killed a necrophage
  4590 | D:4      | Reached skill level 6 in Stealth
  4590 | D:4      | Reached XP level 5. HP: 6/24 MP: 9/9
  4818 | D:4      | Noticed a black bear
  5129 | D:4      | Reached skill level 7 in Stealth
  5289 | D:4      | HP: 1/24 [poisoned by an adder]
  5290 | D:4      | Succumbed to an adder's poison

Illustrated notes

Levels and vault maps discovered:
D:1:      elethiomel_arrival_quiet, layout_basic,
          hellmonk_ecumenical_altar_defaced_shrine, serial_shops,
          nicolae_square_shop
D:2:      layout_basic, roderic_lattice_a, uniq_jessica
D:3:      layout_loops_ring, ebering_ghost_gozag
D:4:      layout_gridville, amethyst_overflow_temple_binary, uniq_edmund

Skill      XL: |  1  2  3  4  5 |
---------------+----------------+-----
Stealth        | 3 5 6 7 |  7.0
Dodging        | 5 |  5.0
Fighting       | 3 |  3.0
Unarmed Combat | 3 |  3.0
Spellcasting   | |  2.0
Translocations | |  4.4

Action                   |  1- 3 |  4- 6 || total
-------------------------+-------+-------++-------
Melee: Unarmed           |   117 |   116 ||   233
       Bite              |    10 |     9 ||    19
       Punch             |     2 |     4 ||     6
 Cast: Blink             |       |     1 ||     1
       Teleport Other    |       |     1 ||     1
  Use: Potion            |       |     2 ||     2
 Stab: Sleeping          |     8 |     6 ||    14
Armor: Skin              |     6 |     6 ||    12
Dodge: Dodged            |    89 |    92 ||   181

Table legend: (Time is in decaauts)
 A = Elapsed time spent in this place.
 B = Non-inter-level travel time spent in this place.
 C = Inter-level travel time spent in this place.
 D = Time resting spent in this place.
 E = Time spent auto-exploring this place.
 F = Levels seen in this place.
 G = Mean time per level.
                   A        B        C        D        E       F      G
               +--------+--------+--------+--------+--------+-----+--------+
         Total |   4725 |   4514 |    211 |   2011 |   1400 |   4 | 1181.2 |
       Dungeon |   4725 |   4514 |    211 |   2011 |   1400 |   4 | 1181.2 |
               +--------+--------+--------+--------+--------+-----+--------+

Top non-repeatable levels by time:
     D:1: 1403 daAuts
     D:2: 1383 daAuts
     D:3: 1145 daAuts
     D:4: 793 daAuts
